 Dungeon Crawl Stone Soup version 0.18.1-47-g9310371 (console) character file.

80 Kloppie the Cudgeler (level 4, -1/38 HPs)
             Began as a Draconian Fighter on June 22, 2016.
             Slain by lepiPlod666's ghost (3 damage)
             ... on level 3 of the Dungeon.
             The game lasted 00:03:16 (1872 turns).

Kloppie the Cudgeler (Draconian Fighter)            Turns: 1872, Time: 00:03:17

Health: -1/38      AC:  5    Str: 18    XL:     4   Next: 18%
Magic:  4/4        EV: 10    Int:  8    God:
Gold:   72         SH:  8    Dex:  9    Spells: 0 memorised, 3 levels left

rFire  . . .     SeeInvis .     a - +0 flail
rCold  . . .     Gourm    .     (armour unavailable)
rNeg   . . .     Faith    .     b - +0 shield
rPois  .         Spirit   .     (helmet restricted)
rElec  .         Dismiss  .     (no cloak)
rCorr  .         Reflect  .     (no gloves)
SustAt .         Harm     .     (no boots)
MR     .....                    (no amulet)
Stlth  +.........               (no ring)
                                m - -3 ring of dexterity (curse)

@: not resistant to hostile enchantments, very unstealthy
A: unfitting armour, cold-blooded, AC +5
a: no special abilities


You were on level 3 of the Dungeon.
You were not hungry.

You visited 1 branch of the dungeon, and saw 3 of its levels.

You collected 72 gold pieces.

Inventory:

Hand Weapons
 a - a +0 flail (weapon)
Armour
 b - a +0 shield (worn)
Jewellery
 m - a cursed -3 ring of dexterity (left hand)
Scrolls
 f - a scroll of fear
Potions
 e - 2 potions of heal wounds {unknown}
 i - 3 potions of haste {unknown}
 j - a potion of curing {unknown}
 p - a potion of might
 q - a potion of flight {unknown}
Comestibles
 d - 3 chunks of flesh
 k - 2 slices of pizza
 l - a beef jerky


   Skills:
 - Level 3.2 Fighting
 + Level 4.5 Maces & Flails
 - Level 2.6 Dodging
 - Level 3.0 Shields


You had 3 spell levels left.
You didn't know any spells.

Dungeon Overview and Level Annotations

Branches:
Dungeon (3/15)

Altars:
Nemelex Xobeh

Annotations:
D:3 lepiPlod666's ghost, amateur HuIE


Innate Abilities, Weirdness & Mutations

Your plain brown scales are hard (AC +5).
Your body does not fit into most forms of armour.
You are cold-blooded and may be slowed by cold attacks.


Message History

LepiPlod666's ghost hits you but does no damage.
You completely miss lepiPlod666's ghost.
LepiPlod666's ghost is severely damaged.
LepiPlod666's ghost hits you.
* * * LOW HITPOINT WARNING * * *
LepiPlod666's ghost burns you.
* * * LOW HITPOINT WARNING * * *
You sock lepiPlod666's ghost!
LepiPlod666's ghost is almost destroyed.
LepiPlod666's ghost hits you.
* * * LOW HITPOINT WARNING * * *
LepiPlod666's ghost burns you.
* * * LOW HITPOINT WARNING * * *
You closely miss lepiPlod666's ghost.
LepiPlod666's ghost is almost destroyed.
LepiPlod666's ghost closely misses you.
You hit lepiPlod666's ghost.
LepiPlod666's ghost is almost destroyed.
LepiPlod666's ghost hits you.
You die...

###
#####.############
###................#
..[................#
#####.#.##########.#
# #.#.# #.# # #.#.#
#####.### # #.#.#
#..@W...# # #.#.#
#.###.### # #.#.# #.
#.# . ....# #. #.# .
....> .. ... #. .W#
#. #..# #. #..#


You could see lepiPlod666's ghost.

Vanquished Creatures
  Ijyb (D:3)
  A gnoll (D:1)
  An adder (D:2)
  A worm (D:2)
  A dart slug (D:2)
  4 giant cockroaches
  2 goblins
  4 hobgoblins
  5 bats
  2 giant newts
  4 kobolds
  7 rats
33 creatures vanquished.

Notes
Turn   | Place    | Note
--------------------------------------------------------------
     0 | D:1      | Kloppie the Draconian Fighter began the quest for the Orb.
     0 | D:1      | Reached XP level 1. HP: 19/19 MP: 1/1
   365 | D:1      | Reached XP level 2. HP: 22/26 MP: 2/2
   430 | D:1      | Reached skill level 3 in Maces & Flails
   949 | D:2      | Reached XP level 3. HP: 31/31 MP: 3/3
   991 | D:2      | Found a sparkling altar of Nemelex Xobeh.
  1449 | D:2      | Reached skill level 4 in Maces & Flails
  1779 | D:3      | Noticed Ijyb
  1787 | D:3      | Killed Ijyb
  1787 | D:3      | Reached XP level 4. HP: 29/38 MP: 4/4
  1840 | D:3      | Noticed lepiPlod666's ghost (amateur HuIE)
  1872 | D:3      | Slain by lepiPlod666's ghost

Skill      XL: |  1  2  3 |
---------------+----------+-----
Maces & Flails | 3 4 |  4.5
Fighting       | |  3.2
Dodging        | |  2.6
Shields        | |  3.0

Action                   |  1- 3 |  4- 6 || total
-------------------------+-------+-------++-------
Melee: Flail             |    94 |    29 ||   123
       Tailslap          |     5 |     1 ||     6
  Use: Potion            |     1 |     1 ||     2
       Scroll            |     5 |       ||     5
 Stab: Sleeping          |     1 |       ||     1
  Eat: Bread ration      |     1 |       ||     1
       Chunk             |     1 |       ||     1
Armor: Skin              |    26 |    14 ||    40
Dodge: Dodged            |    38 |     5 ||    43
Block: Shield            |    43 |     7 ||    50
